 Dungeon Crawl Stone Soup version 0.27.0-1-g7a089689b8 (webtiles) character file.

Game seed: 2066852726294481204

62322 SnakkuSnakku7 the Phalangite (level 15, 0/117 HPs)
             Began as a Merfolk Necromancer on Aug 7, 2021.
             Was a High Priest of Trog.
             Slain by a phantasmal warrior (23 damage)
             ... summoned by a vampire mage
             ... on level 1 of the Depths.
             The game lasted 00:28:49 (23784 turns).

SnakkuSnakku7 the Phalangite (Merfolk Necromancer) Turns: 23784, Time: 00:28:53

Health: 0/117      AC: 40    Str: 14    XL:     15   Next: 5%
Magic:  18/18      EV:  1    Int: 16    God:    Trog [*****.]
Gold:   831        SH:  0    Dex: 14    Spells: 18/18 levels left

rFire    + . .     SeeInvis .   a - +2 bardiche (flame)
rCold    . . .     Faith    +   (shield currently unavailable)
rNeg     . . .     Spirit   .   O - +8 crystal plate armour
rPois    .         Reflect  .   K - +0 helmet
rElec    .         Harm     .   o - +1 cloak
rCorr    .         Rampage  +   L - +0 pair of gloves
Will     +....                  P - +2 pair of boots {rampage}
Stlth    ..........             s - amulet of faith
HPRegen  0.29/turn              u - +4 ring of protection
MPRegen  0.16/turn              f - ring of Suspicion {Wiz rF+}

@: on berserk cooldown, slowed, very slow
A: (nimble swimmer 2), mertail
a: Renounce Religion, Berserk, Trog's Hand, Brothers in Arms


You were on level 1 of the Depths.
You worshipped Trog.
Trog was extremely pleased with you.
You visited 2 branches of the dungeon, and saw 16 of its levels.
You also visited: Bailey.

You collected 1301 gold pieces.
You spent 470 gold pieces at shops.

Inventory:

Hand Weapons
 a - a +2 bardiche of flaming (weapon)
 g - a +0 antimagic glaive
Armour
 o - a +1 cloak (worn)
 K - a +0 helmet (worn)
 L - a +0 pair of gloves (worn)
 O - a +8 crystal plate armour (worn)
 P - a +2 pair of boots of rampaging (worn)
Jewellery
 c - a ring of protection from cold
 f - the ring of Suspicion (right hand) {Wiz rF+}
   (You found it on level 14 of the Dungeon)

   [ring of wizardry]

   It improves your spell success rate.
   rF:        It protects you from fire.
 p - an amulet of regeneration
 s - an amulet of faith (around neck)
 u - a +4 ring of protection (left hand)
 x - a ring of resist corrosion
 M - a ring of willpower
Wands
 d - a wand of iceblast (30)
 l - a wand of digging (7)
 D - a wand of acid (13)
 E - a wand of mindburst (18)
 F - a wand of paralysis (10)
 Q - a wand of polymorph (7)
Scrolls
 b - 4 scrolls of identify
 e - 3 scrolls of blinking
 i - a scroll of magic mapping
 t - a scroll of fear
 y - a scroll of silence
 z - 2 scrolls of summoning
 A - 6 scrolls of teleportation
 C - 3 scrolls of fog
 H - 2 scrolls of immolation
Potions
 h - a potion of attraction
 j - 6 potions of mutation
 k - a potion of cancellation
 m - 8 potions of curing
 n - 4 potions of heal wounds
 r - 4 potions of haste
 v - 7 potions of might
 B - 2 potions of flight
 G - 3 potions of berserk rage
 I - 3 potions of lignification
Miscellaneous
 J - a condenser vane


   Skills:
 - Level 10.9 Fighting
 - Level 26.0 Polearms
 + Level 8.8 Armour
 - Level 2.6 Dodging
 - Level 2.1 Stealth
 - Level 2.0 Spellcasting
 - Level 3.2 Necromancy


You had 18 spell levels left.
You didn't know any spells.
Your spell library contained the following spells:

 Spells                   Type           Power      Damage    Failure   Level
 Animate Skeleton         Necr           24%        N/A       100%        1
 Pain                     Necr           48%        1d6       100%        1
 Corpse Rot               Necr/Air       N/A        N/A       100%        2
 Dazzling Flash           Conj/Hex       2%         N/A       100%        3
 Vampiric Draining        Necr           6%         2d6       100%        3
 Animate Dead             Necr           6%         N/A       100%        4
 Dispel Undead            Necr           12%        3d9       100%        4
 Iskenderun's Mystic Bla  Conj/Tloc      1%         2d3       100%        4
 Agony                    Necr           12%        N/A       100%        5
 Death Channel            Necr           6%         N/A       100%        6
 Starburst                Conj/Fire      0%         8x6d3     100%        6


Dungeon Overview and Level Annotations

Branches:
Dungeon (15/15)            Temple (0/1) D:6            Lair (0/6) D:11
    Orc (0/2) D:11         Vaults (0/5) D:13         Depths (1/5) D:15
 Bailey (visited)

Altars:
Cheibriados
Dithmenos
Gozag
Kikubaaqudgha
Makhleb
Nemelex Xobeh
Okawaru
Qazlal
Sif Muna
Trog
Uskayaw
Vehumet
Wu Jian
Yredelemnul

Shops:
D:5 !   D:14 !

Annotations:
D:5 exclusion: door


Innate Abilities, Weirdness & Mutations

((You are quick and stealthy near water. (Stealth+, EV+, Speed+++)))
Your lower body shifts to a powerful aquatic tail in water.


Message History

Unknown command.
You closely miss the jiangshi. You slash the jiangshi! You burn the jiangshi.
The jiangshi is moderately damaged.
The tengu conjurer simulacrum hits you but does no damage.
The tengu conjurer simulacrum pecks you but does no damage.
The tengu conjurer simulacrum claws you but does no damage.
Something draws life force from you!!
Unknown command.
Something unexpectedly blocked you, preventing you from rampaging!
You slash something! You burn something.
You are no longer berserk.
You are exhausted.
You feel yourself slow down.
Something unexpectedly blocked you, preventing you from rampaging!
You hit something but do no damage. Something hits you but does no damage.
Something bites you.
Something draws strength from your injuries!
Something unexpectedly blocked you, preventing you from rampaging!
You closely miss something.
The jiangshi claws you but does no damage.
The jiangshi claws you!
The jiangshi draws strength from your injuries!
The jiangshi claws you!
The jiangshi draws strength from your injuries!
The jiangshi claws you but does no damage.
Something hits you but does no damage. Something bites you but does no damage.
Something unexpectedly blocked you, preventing you from rampaging!
You miss something. The jiangshi claws you.
The jiangshi draws strength from your injuries!
The jiangshi claws you but does no damage.
The jiangshi claws you!
The jiangshi draws strength from your injuries!
The jiangshi claws you!
* * * LOW HITPOINT WARNING * * *
The jiangshi draws strength from your injuries!
Something draws life force from you!
* * * LOW HITPOINT WARNING * * *
The phantasmal warrior hits you!!
You die...

.......#...........<...
.............#...[..##.
............##........#
.C..............#..##.#
...........#...##.#...
#......)...####.... #.
##Z.......#####..#
#..z##W###..##......###
#..WV{@####.......###
##.####V# #..#.####
#.###.#### ####...#
###.# ###


You could see 2 jiangshi, a phantasmal warrior (summoned), a wraith (summoned),
a wight (summoned) and a tengu conjurer simulacrum (summoned).

Vanquished Creatures
  Agnes (D:14)
  Kirke (D:13)
  2 fire giants (Depths:1)
  Louise (D:14)
  4 stone giants
  A vampire knight (Depths:1)
  Azrael (D:13)
  2 jiangshi (Depths:1)
  A rakshasa (Depths:1)
  2 ice dragons (D:15)
  5 hydras
  A great orb of eyes (Depths:1)
  4 boulder beetles
  An ogre mage (D:14)
  A catoblepas (D:14)
  6 two-headed ogres
  4 centaur warriors
  2 tengu warriors
  Urug (D:13)
  A skeletal warrior (D:10)
  5 orc knights
  2 phantasmal warriors (Depths:1)
  2 deep elf pyromancers
  9 ugly things
  3 manticores
  7 cyclopes
  Joseph (D:7)
  2 guardian serpents (shapeshifter)
  Maurice (D:13)
  An elephant (D:11)
  A torpor snail (shapeshifter) (D:13)
  4 gargoyles
  2 komodo dragons
  2 demonic crawlers (D:13)
  A yaktaur (D:10)
  A tengu conjurer (D:15)
  5 trolls
  A jumping spider (shapeshifter) (D:14)
  3 meliai (D:13)
  A hornet (D:9)
  2 vampires
  The ghost of hilljack the Digger, an amateur GrEE (D:4)
  A centaur simulacrum (D:14)
  3 fire elementals
  13 yaks
  3 shadows
  2 wyverns
  5 wraiths
  A basilisk (D:11)
  A hog (D:13)
  The ghost of KApperson the Vexing, an amateur GnAM of Zin (D:4)
  2 vampire mosquitoes (D:13)
  4 acid dragons
  A water moccasin (D:7)
  A floating eye (shapeshifter) (D:13)
  4 hell hounds
  15 orc warriors
  A black bear (D:11)
  An ice beast (shapeshifter) (D:10)
  An ice beast (D:7)
  2 sky beasts
  4 ogres
  2 necrophages (D:6)
  9 centaurs
  2 bullfrogs
  A kobold brigand (D:8)
  2 wyvern zombies
  2 scorpions (D:5)
  A water moccasin skeleton (D:6)
  A water moccasin zombie (D:5)
  7 howler monkeys
  7 wights
  The ghost of sasquatch the Covert, a weakling SpDe (D:4)
  A bullfrog zombie (D:5)
  4 centaur zombies
  2 jellies
  A gnoll shaman (D:6)
  6 orc priests
  3 bullfrog skeletons
  5 iguanas
  10 orc wizards
  2 killer bee zombies
  A howler monkey zombie (D:7)
  6 gnolls (D:6)
  7 adders
  A shadow imp (D:6)
  A white imp (D:5)
  An adder skeleton (D:4)
  6 worms
  3 dart slugs
  79 orcs
  12 ball pythons
  4 bats (D:1)
  2 endoplasms
  2 giant cockroaches
  10 goblins
  4 hobgoblins
  6 jackals (D:1)
  6 kobolds
  5 quokkas
  3 frilled lizards
  9 rats
402 creatures vanquished.

Vanquished Creatures (others)
  A human (D:13)
  27 plants (D:4)
  4 withered plants (D:4)
32 creatures vanquished.

Grand Total: 434 creatures vanquished

Notes
Turn   | Place    | Note
-------+----------+-------------------------------------------
     0 | D:1      | SnakkuSnakku7 the Merfolk Necromancer began the quest for
                  | the Orb.
     0 | D:1      | Reached XP level 1. HP: 13/13 MP: 3/3
    55 | D:1      | Reached skill level 1 in Fighting
   123 | D:1      | Reached XP level 2. HP: 4/22 MP: 3/5
  1114 | D:1      | Reached skill level 1 in Polearms
  1114 | D:1      | Reached XP level 3. HP: 22/28 MP: 6/6
  1828 | D:2      | Reached skill level 2 in Polearms
  2222 | D:2      | Reached XP level 4. HP: 35/35 MP: 7/7
  2500 | D:2      | Found a faded altar of an unknown god.
  2857 | D:3      | Reached skill level 3 in Polearms
  2949 | D:3      | Found a snail-covered altar of Cheibriados.
  3014 | D:3      | Found an ancient bone altar of Kikubaaqudgha.
  3106 | D:3      | HP: 1/37 [rat (3)]
  3829 | D:3      | Noticed a +0 dagger
  3829 | D:3      | Noticed a +0 dagger
  3831 | D:3      | Found a hide-covered altar of Uskayaw.
  3904 | D:3      | Reached XP level 5. HP: 42/42 MP: 8/8
  3932 | D:3      | Found an iron altar of Okawaru.
  3938 | D:3      | Found a burning altar of Makhleb.
  4356 | D:4      | Reached skill level 4 in Polearms
  4438 | D:4      | Found a runed translucent gate.
  4589 | D:4      | Found a runed translucent gate.
  4590 | D:4      | Noticed KApperson's ghost (amateur GnAM)
  4590 | D:4      | Noticed sasquatch's ghost (weakling SpDe)
  4591 | D:4      | Found a runed translucent gate.
  4591 | D:4      | Noticed hilljack's ghost (amateur GrEE)
  5237 | D:5      | Entered Level 5 of the Dungeon
  5286 | D:5      | Reached skill level 5 in Polearms
  5286 | D:5      | Reached XP level 6. HP: 45/49 MP: 9/9
  5310 | D:5      | Noticed a moth of wrath
  5312 | D:5      | Found a bloodstained altar of Trog.
  5406 | D:5      | Became a worshipper of Trog the Wrathful
  5672 | D:5      | Noticed a sky beast
  5726 | D:5      | Killed a sky beast
  5727 | D:5      | Reached skill level 5 in Fighting
  6301 | D:5      | Reached skill level 6 in Polearms
  6409 | D:5      | Reached XP level 7. HP: 56/56 MP: 10/10
  6535 | D:5      | Reached skill level 7 in Polearms
  6584 | D:5      | Found Pyim's Distillery.
  6592 | D:5      | Bought a potion of curing for 33 gold pieces
  6592 | D:5      | Bought a potion of curing for 33 gold pieces
  6592 | D:5      | Bought a potion of degeneration for 11 gold pieces
  6592 | D:5      | Bought a potion of heal wounds for 55 gold pieces
  6592 | D:5      | Bought a potion of might for 44 gold pieces
  6592 | D:5      | Bought a potion of might for 44 gold pieces
  7045 | D:6      | Reached skill level 8 in Polearms
  7345 | D:6      | Reached XP level 8. HP: 63/65 MP: 11/11
  7594 | D:6      | Reached * piety under Trog
  7678 | D:6      | Reached skill level 9 in Polearms
  7756 | D:6      | Found a staircase to the Ecumenical Temple.
  8373 | D:6      | Reached skill level 10 in Polearms
  8609 | D:7      | Reached skill level 11 in Polearms
  8612 | D:7      | Reached XP level 9. HP: 67/74 MP: 12/12
  8689 | D:7      | Noticed Joseph
  8692 | D:7      | Found a basalt altar of Yredelemnul.
  8708 | D:7      | Killed Joseph
  8709 | D:7      | Reached skill level 12 in Polearms
  9208 | D:7      | Reached skill level 13 in Polearms
  9252 | D:7      | Found a shadowy altar of Dithmenos.
  9404 | D:7      | Reached ** piety under Trog
  9586 | D:8      | Reached skill level 14 in Polearms
  9590 | D:8      | Reached skill level 1 in Armour
  9668 | D:8      | Found an ornate altar of the Wu Jian Council.
 10346 | D:8      | Reached XP level 10. HP: 69/79 MP: 13/13
 10493 | D:8      | Reached *** piety under Trog
 11031 | D:9      | Reached skill level 5 in Armour
 11165 | D:9      | Found a sparkling altar of Nemelex Xobeh.
 11193 | D:9      | Found an opulent altar of Gozag.
 11198 | D:9      | Found a shimmering blue altar of Sif Muna.
 11318 | D:9      | Noticed a centaur warrior
 11337 | D:9      | Killed a centaur warrior
 11916 | D:10     | Entered Level 10 of the Dungeon
 12090 | D:10     | HP: 3/80 [troll (shapeshifter) (9)]
 12438 | D:10     | Reached skill level 15 in Polearms
 12439 | D:10     | Noticed a harpy
 12439 | D:10     | a troll changed into a harpy
 12445 | D:10     | Noticed a guardian serpent
 12445 | D:10     | a harpy changed into a guardian serpent
 12452 | D:10     | Killed a guardian serpent
 12765 | D:10     | Reached skill level 16 in Polearms
 12765 | D:10     | Reached XP level 11. HP: 80/86 MP: 14/14
 12801 | D:10     | Noticed a cyclops
 12810 | D:10     | Killed a cyclops
 12910 | D:11     | Noticed a two-headed ogre
 12921 | D:11     | Killed a two-headed ogre
 12921 | D:11     | Reached **** piety under Trog
 13001 | D:11     | Reached skill level 17 in Polearms
 13119 | D:11     | Found a staircase to the Lair.
 13195 | D:10     | Noticed a skeletal warrior
 13216 | D:10     | Killed a skeletal warrior
 13463 | D:10     | Noticed a cyclops
 13471 | D:10     | Killed a cyclops
 13733 | D:10     | Reached skill level 18 in Polearms
 14543 | D:11     | Reached skill level 19 in Polearms
 14622 | D:11     | Found a staircase to the Orcish Mines.
 14674 | D:11     | Reached ***** piety under Trog
 15066 | D:11     | Noticed a two-headed ogre
 15076 | D:11     | Killed a two-headed ogre
 15077 | D:11     | Reached XP level 12. HP: 92/92 MP: 15/15
 15394 | D:12     | Noticed a six-headed hydra
 15407 | D:12     | Killed a six-headed hydra
 15408 | D:12     | Reached skill level 20 in Polearms
 15494 | D:12     | Noticed a four-headed hydra
 15504 | D:12     | Killed a four-headed hydra
 16048 | D:12     | Reached skill level 10 in Fighting
 16377 | D:13     | Found a flagged portal.
 16389 | Bailey   | Entered a bailey
 16406 | Bailey   | Received a gift from Trog
 17541 | D:13     | Noticed a seven-headed hydra
 17541 | D:13     | Noticed Azrael
 17698 | D:12     | Killed a seven-headed hydra
 17883 | D:12     | Reached skill level 21 in Polearms
 18064 | D:13     | Killed Azrael
 18121 | D:13     | Reached XP level 13. HP: 95/105 MP: 16/16
 18301 | D:13     | Noticed Urug
 18308 | D:13     | Killed Urug
 18365 | D:13     | Noticed Kirke
 18379 | D:13     | Killed Kirke
 18380 | D:13     | Reached skill level 22 in Polearms
 18780 | D:13     | Noticed Maurice
 18886 | D:13     | Reached skill level 23 in Polearms
 18973 | D:13     | Killed Maurice
 19197 | D:13     | Found a gate to the Vaults.
 19627 | D:14     | Identified the ring of Suspicion {Wiz rF+}
 19632 | D:14     | Found Veucluat's Distillery.
 19643 | D:14     | Bought a potion of haste for 100 gold pieces
 19643 | D:14     | Bought a potion of might for 40 gold pieces
 19643 | D:14     | Bought a potion of mutation for 80 gold pieces
 19643 | D:14     | Bought a potion of curing for 30 gold pieces
 19658 | D:14     | Noticed Agnes
 19668 | D:14     | Killed Agnes
 19988 | D:14     | Reached skill level 24 in Polearms
 19989 | D:14     | Noticed Louise
 20008 | D:14     | Killed Louise
 20009 | D:14     | Reached XP level 14. HP: 42/111 MP: 17/17
 20283 | D:14     | Found a radiant altar of Vehumet.
 20446 | D:14     | Identified the +5 scale mail "Iddaeth" {Int+4}
 20568 | D:14     | Reached skill level 25 in Polearms
 21201 | D:4      | Killed sasquatch's ghost
 21203 | D:4      | Killed hilljack's ghost
 21206 | D:4      | Killed KApperson's ghost
 21463 | D:15     | Entered Level 15 of the Dungeon
 21502 | D:15     | Found a staircase to the Depths.
 21503 | D:15     | Noticed a stone giant
 21535 | D:15     | Killed a stone giant
 22015 | D:15     | Found a stormy altar of Qazlal.
 22763 | D:15     | Reached skill level 26 in Polearms
 22952 | Depths:1 | Entered Level 1 of the Depths
 22952 | Depths:1 | Noticed a stone giant
 22960 | D:15     | Killed a stone giant
 23370 | Depths:1 | Noticed a vampire knight
 23397 | Depths:1 | Killed a vampire knight
 23412 | Depths:1 | Noticed a stone giant
 23417 | Depths:1 | Noticed a fire giant
 23422 | Depths:1 | Noticed a fire giant
 23427 | D:15     | Killed a stone giant
 23577 | Depths:1 | Killed a fire giant
 23585 | Depths:1 | Killed a fire giant
 23757 | Depths:1 | Noticed a stone giant
 23765 | Depths:1 | Reached XP level 15. HP: 117/117 MP: 18/18
 23784 | Depths:1 | Slain by a phantasmal warrior

Illustrated notes

Levels and vault maps discovered:
D:1:      dpeg_arrival_pits, layout_basic
D:2:      layout_loops_ring, hellmonk_ecumenical_altar_leap_of_faith,
          patterned_corridor
D:3:      layout_basic, mainiacjoe_overflow_concentric_impassable,
          dancing_weapons_uskayaw, mainiacjoe_overflow_big_doors,
          nicolae_overflow_hidden_temple, moated_statue
D:4:      layout_layer_cave, serial_bayou, serial_bayou_pond_a,
          serial_bayou_pond_c, serial_bayou_lagoon_a, serial_bayou_shore_a,
          serial_bayou_pond_a, serial_bayou_lake_a, gammafunk_ghost_cemetery
D:5:      layout_gridville, tgw_trog, serial_shops, nicolae_shop_trees
D:6:      layout_gridville, minmay_temple_entry_arrows
D:7:      layout_gridville, grunt_dithmenos_smoke_and_mirrors,
          kennysheep_mini_moat, kennysheep_decorative_pillar, uniq_joseph
D:8:      layout_cave_pods, pdpol_wu_jian_five_deadly_venoms, grunt_decor_cap,
          minmay_circle_x
D:9:      layout_loops_cross, nemelex_spade_bored_becter, minitemple,
          item_on_display_a
D:10:     cheibrodos_elevator_heist, layout_rooms, minivault_10
D:11:     layout_layer_cave, david_lair_generic, hiddenorc2_lemuel
D:12:     layout_basic, minmay_misc_feat_rugged
D:13:     layout_roguey, david_vaults_2, enter_bailey_3,
          small_chamber_with_monster, einodemon_crawler_minivault, uniq_maurice,
          uniq_urug, uniq_kirke, uniq_azrael
D:14:     layout_basic, lemuel_crystal_altar, serial_shops, shop, uniq_agnes,
          uniq_louise
D:15:     grunt_enter_depths_giant_problem, layout_stronghold,
          nicolae_qazlal_general_emergency
Depths:1: layout_cave_shapes, gammafunk_ghost_arena, solitary_fountain,
          grunt_mini_vestibule, fedhas_altar_fruit_tree, minmay_shop_star

Skill      XL: |  1  2  3  4  5  6  7  8  9 10 11 12 13 14 |
---------------+-------------------------------------------+-----
Fighting       | 1 2 3 4 5 6 8 10 | 10.9
Polearms       | 1 2 3 5 6 8 11 14 16 19 21 24 26 | 26.0
Armour         | 3 6 8 |  8.8
Dodging        | |  2.6
Stealth        | |  2.1
Spellcasting   | |  2.0
Necromancy     | |  3.2

Action                   |  1- 3 |  4- 6 |  7- 9 | 10-12 | 13-15 || total
-------------------------+-------+-------+-------+-------+-------++-------
Melee: Club              |    39 |       |       |       |       ||    39
       Spear             |    48 |       |       |       |       ||    48
       Dagger            |    40 |   103 |    10 |       |       ||   153
       Trident           |       |    67 |   399 |   115 |    15 ||   596
       Tailslap          |       |     1 |       |     2 |       ||     3
       Glaive            |       |       |       |   427 |       ||   427
       Bardiche          |       |       |       |   102 |   495 ||   597
 Cast: Pain              |    14 |       |       |       |       ||    14
Invok: Berserk           |       |       |     7 |    27 |    18 ||    52
       Trog's Hand       |       |       |       |       |     4 ||     4
Evoke: Wand              |       |       |       |       |     5 ||     5
  Use: Scroll            |       |       |     8 |    21 |     8 ||    37
 Stab: Sleeping          |     6 |     4 |     1 |       |       ||    11
       Distracted        |       |     1 |       |       |       ||     1
Armor: Robe              |    22 |       |       |       |       ||    22
       Ring mail         |       |    47 |    31 |       |       ||    78
       Plate armour      |       |       |   126 |   336 |       ||   462
       Crystal plate arm |       |       |       |   120 |   504 ||   624
Dodge: Dodged            |    89 |    71 |    93 |    84 |    12 ||   349
